Map: Terraform LE (Void)

Players

qxc - Winner!

  • Race: Terran Terran
  • League: Master

PAIN

  • Race: Protoss Protoss
  • League: Master

Event: Lycan League Weekly August #3

VOD

Have the link to the VOD?

Description

Time

  • Played on: Aug. 17, 2015, 1:14 p.m.
  • Length: 15:04

All games in this series

Show
View Real Time Build Order
Export as new Build Order

qxc Terran - Winner!

Build Orders: MMM Bio 

Get SALT Encoding   

  12  0:01  SCV  
  13  0:13  SCV  
  14  0:18  Supply Depot  
  14  0:25  SCV  
  15  0:40  SCV  
  15  0:42  Barracks  
  16  0:46  Refinery  
  16  0:52  SCV  
  17  1:04  SCV  
  18  1:16  SCV  
  19  1:29  Barracks Reactor, Orbital Command  
  19  1:43  Command Center  
  19  1:52  Supply Depot  
  19  1:55  SCV  
  20  2:07  SCV, Reaper, Marine  
  23  2:12  Barracks  
  23  2:20  SCV  
  24  2:23  Bunker  
  24  2:26  Marine  
  25  2:32  SCV  
  25  2:34  Barracks  
  26  2:39  Marine  
  28  2:44  SCV  
  28  2:46  Marine  
  29  2:56  SCV, Orbital Command  
  30  2:58  Marine  
  30  3:05  Marine  
  32  3:08  SCV  
  32  3:11  Barracks Tech Lab  
  32  3:16  Marine  
  33  3:20  SCV  
  33  3:22  Marine  
  33  3:24  SCV  
  35  3:27  Marine  
  35  3:32  SCV  
  35  3:33  Stimpack, Marine  
  38  3:34  Marine  
  38  3:36  SCV  
  40  3:44  SCV  
  40  3:45  Marine  
  40  3:48  SCV  
  43  3:56  SCV, Factory  
  43  3:57  Marine x2  
  43  3:58  Marine  
  46  4:10  Supply Depot  
  46  4:11  Supply Depot x2  
  46  4:14  Refinery, Engineering Bay  
  46  4:18  Barracks Tech Lab  
  46  4:24  Refinery  
  46  4:31  Marine x3  
  46  4:32  SCV x2  
  51  4:41  Starport  
  51  4:44  SCV x2, Factory Reactor  
  46  4:56  SCV x2, Marine x4  
  51  5:07  Terran Infantry Weapons Level 1  
  51  5:08  SCV x2  
  51  5:13  Marine  
  54  5:14  Marine x3  
  54  5:17  Command Center  
  54  5:20  SCV x2  
  59  5:25  Supply Depot  
  59  5:31  Marine  
  59  5:32  SCV x2  
  59  5:33  Medivac x2  
  59  5:34  Marine  
  59  5:35  Marine  
  68  5:37  Marine  
  69  5:43  Missile Turret  
  69  5:44  SCV  
  69  5:47  SCV  
  69  5:48  Supply Depot  
  71  5:51  Missile Turret  
  71  5:55  Combat Shields  
  71  5:56  SCV  
  71  5:57  Marine  
  72  5:59  Marine  
  72  6:03  SCV  
  75  6:05  Medivac  
  75  6:08  SCV  
  75  6:10  Marine x2  
  78  6:15  SCV  
  79  6:21  SCV  
  80  6:25  Medivac  
  80  6:27  SCV  
  56  6:32  Orbital Command  
  83  6:33  SCV, Marauder x2, Marine  
  83  6:35  Medivac  
  91  6:40  Refinery  
  89  6:51  SCV  
  89  6:52  Marine x2  
  83  6:55  Medivac, Marauder  
  78  7:03  SCV  
  78  7:05  Medivac  
  78  7:06  SCV x2  
  80  7:08  Marauder  
  80  7:11  Terran Infantry Armor Level 1  
  80  7:14  Barracks  
  80  7:15  Barracks  
  80  7:18  Factory Reactor  
  80  7:20  Marauder  
  82  7:24  SCV  
  82  7:26  SCV  
  82  7:28  Marine x2  
  88  7:30  Marauder  
  88  7:36  SCV  
  88  7:41  Marauder  
  88  7:43  Medivac x2, Orbital Command  
  92  7:44  SCV  
  92  7:46  Marine x2  
  92  7:48  Barracks  
  92  7:49  SCV  
  98  7:51  Supply Depot, Marauder  
  98  7:56  SCV  
  96  8:02  SCV, Marauder  
  98  8:08  SCV  
  99  8:12  Marauder  
  99  8:13  SCV, Concussive Shells, Medivac  
  99  8:14  Barracks Reactor  
  99  8:15  Barracks Tech Lab  
  99  8:17  Widow Mine  
  99  8:19  Widow Mine  
  106  8:20  SCV  
  106  8:23  SCV  
  108  8:28  SCV  
  108  8:29  Supply Depot  
  109  8:46  Armory  
  109  8:48  Engineering Bay  
  109  8:50  Marine, Widow Mine x2  
  109  8:51  SCV, Marauder  
  117  9:09  Supply Depot  
  117  9:10  Supply Depot  
  117  9:11  SCV, Supply Depot  
  117  9:12  Supply Depot  
  117  9:14  Liberator x2  
  117  9:15  SCV x2, Marine x3  
  117  9:16  Marine, Marauder  
  125  9:17  Barracks Tech Lab  
  125  9:21  Bunker  
  125  9:22  Missile Turret  
  125  9:31  SCV, Marauder x2, Widow Mine  
  132  9:32  Supply Depot, Widow Mine  
  132  9:35  Marine  
  132  9:36  Marauder, Refinery, Marine x2  
  132  9:37  Refinery, Marauder  
  147  9:44  Marine  
  148  9:47  Terran Infantry Weapons Level 2  
  148  9:52  Marauder, Marine  
  151  9:57  Supply Depot x2  
  151  9:59  Supply Depot  
  151  10:03  Command Center, Marine  
  151  10:04  Marauder  
  151  10:05  Widow Mine  
  151  10:06  Widow Mine  
  156  10:11  Terran Infantry Armor Level 2  
  158  10:16  Liberator  
  158  10:17  Liberator  
  158  10:19  Terran Ship Weapons Level 1  
  158  10:21  Marine  
  158  10:22  Marauder x2  
  158  10:40  Widow Mine x2  
  158  10:42  Marauder x2, Marine x4  
  170  10:55  Marauder x2  
  173  11:00  Marine x3  
  173  11:03  Marine  
  173  11:04  Marauder x2  
  181  11:05  Liberator x2  
  181  11:06  Ghost Academy  
  179  11:15  Marine  
  179  11:16  Marauder  
  179  11:18  Marine  
  160  11:20  Marine x2  
  160  11:21  Widow Mine x2, Marine  
  160  11:25  Marauder x2  
  149  11:33  Marine  
  149  11:35  Marine  
  149  11:37  Marauder  
  149  11:38  Marine x2  
  155  11:42  Command Center  
  155  11:46  Marauder  
  155  11:47  Marine, Marauder  
  159  11:52  Marauder  
  159  11:53  Marine  
  163  11:57  Marine x2  
  163  11:58  Ghost  
  163  11:59  Widow Mine  
  169  12:05  Marine  
  169  12:07  Ghost  
  172  12:10  Terran Infantry Weapons Level 3  
  172  12:11  Marine  
  173  12:16  Marine  
  173  12:17  Marauder  
  176  12:26  Ghost, Marine x3  
  180  12:38  Planetary Fortress  
  180  12:40  Missile Turret  
  180  12:44  Ghost x2  
  184  12:54  Marine x2  
  186  12:59  Ghost, Marine x2  
  186  13:00  Marine  
  191  13:12  Marine  
  191  13:13  Marine  
  191  13:15  Command Center  
  191  13:18  Ghost  
  191  13:19  Marine x3  
  198  13:30  Liberator  
  198  13:31  Ghost x2  
  191  13:43  Marauder  
  191  13:45  Marine  
  191  13:46  Widow Mine x2, Marine x3  
  191  13:48  Marauder  
  183  13:50  Planetary Fortress  
  168  14:00  Marauder, Marine  
  171  14:03  Marine x2  
  171  14:04  Marine  
  171  14:05  Marauder  
  171  14:06  Marine  
  171  14:09  Marauder  
  164  14:18  Marauder  
  164  14:21  Marine x2  
  164  14:24  Marine x2  
  169  14:25  Ghost  
  169  14:26  Widow Mine  
  169  14:27  Widow Mine  
  169  14:29  Ghost  
  184  14:41  Marine x3  
  184  14:42  Marine  
  191  14:53  Missile Turret  
Show
View Real Time Build Order
Export as new Build Order

PAIN Protoss 

Build Orders: Oracle Opening 

Get SALT Encoding   

  12  0:04  Probe  
  13  0:15  Pylon  
  13  0:18  Probe  
  14  0:33  Probe  
  14  0:35  Gateway  
  15  0:45  Probe  
  15  0:49  Assimilator  
  16  0:52  Assimilator  
  16  0:58  Probe (Chrono Boost)  
  17  1:10  Probe (Chrono Boost)  
  18  1:13  Pylon  
  18  1:17  Probe (Chrono Boost)  
  19  1:22  Cybernetics Core  
  19  1:27  Probe (Chrono Boost)  
  20  1:36  Probe (Chrono Boost)  
  23  1:45  Probe (Chrono Boost)  
  25  1:55  Probe (Chrono Boost)  
  25  2:00  Nexus  
  23  2:05  Mothership Core  
  25  2:11  Adept (Chrono Boost)  
  27  2:16  Warp Gate  
  27  2:22  Pylon  
  27  2:26  Probe  
  28  2:38  Probe  
  29  2:46  Stargate  
  29  2:50  Probe  
  30  2:57  Adept (Chrono Boost)  
  32  3:02  Probe  
  33  3:12  Probe  
  32  3:14  Probe  
  35  3:20  Sentry (Chrono Boost)  
  35  3:24  Probe  
  35  3:26  Probe, Pylon  
  37  3:33  Oracle  
  40  3:36  Probe  
  40  3:38  Probe  
  42  3:48  Probe  
  43  3:50  Probe (Chrono Boost)  
  44  4:00  Probe (Chrono Boost)  
  45  4:03  Probe (Chrono Boost), Twilight Council  
  45  4:04  Forge  
  45  4:05  Assimilator  
  45  4:07  Assimilator  
  47  4:11  Probe (Chrono Boost)  
  47  4:12  Probe (Chrono Boost)  
  48  4:17  Probe  
  48  4:20  Probe  
  48  4:21  Gateway x2  
  50  4:29  Probe  
  50  4:31  Stalker  
  53  4:32  Probe  
  53  4:35  Blink (Chrono Boost)  
  54  4:41  Probe  
  54  4:44  Probe  
  56  4:50  Protoss Ground Weapons Level 1 (Chrono Boost)  
  54  4:53  Probe  
  54  4:59  Probe  
  56  5:03  Pylon  
  56  5:08  Gateway x2  
  56  5:13  Pylon  
  56  5:17  Gateway  
  56  5:20  Probe, Pylon  
  57  5:22  Robotics Facility  
  57  5:23  Stalker  
  57  5:24  Stalker  
  57  5:25  Pylon  
  61  5:30  Stalker  
  61  5:31  Pylon  
  61  5:34  Oracle  
  66  5:39  Probe  
  66  5:42  Probe  
  68  5:48  Stalker  
  68  5:49  Stalker  
  72  5:52  Probe  
  72  5:54  Pylon  
  73  5:58  Stalker  
  73  6:03  Probe  
  72  6:21  Stalker x4  
  78  6:31  Probe  
  78  6:32  Robotics Bay  
  77  6:35  Stalker  
  77  6:38  Pylon  
  79  6:43  Pylon  
  79  6:48  Stalker x4  
  83  7:07  Stalker  
  83  7:08  Probe  
  84  7:09  Probe  
  84  7:10  Warp Prism (Chrono Boost)  
  84  7:14  Nexus  
  84  7:15  Protoss Shields Level 1 (Chrono Boost)  
  87  7:18  Pylon  
  87  7:21  Stalker  
  89  7:41  Stalker x4  
  100  7:46  Probe x2  
  100  7:49  Pylon  
  100  7:50  Disruptor (Chrono Boost)  
  102  7:59  Shield Upgrade  
  94  8:08  Probe  
  94  8:09  Gravitic Drive (Chrono Boost)  
  91  8:14  Probe  
  91  8:17  Zealot  
  97  8:21  Stalker x2, Disruptor (Chrono Boost)  
  97  8:25  Probe  
  102  8:33  Probe  
  101  8:42  Assimilator  
  101  8:44  Assimilator  
  101  8:48  Gateway  
  101  8:49  Gateway  
  101  8:52  Colossus (Chrono Boost)  
  101  8:53  Gateway  
  107  8:55  Extended Thermal Lance (Chrono Boost)  
  107  8:56  Pylon  
  107  8:58  Pylon  
  107  9:08  Photon Cannon  
  107  9:11  Photon Cannon  
  107  9:16  Adept x3, Pylon  
  113  9:17  Sentry, Adept  
  113  9:21  Pylon  
  117  9:27  Protoss Ground Weapons Level 2 (Chrono Boost)  
  117  9:31  Pylon  
  113  9:45  Colossus (Chrono Boost)  
  113  9:48  Adept x3  
  113  9:49  Adept x2  
  129  10:01  Adept x3  
  129  10:02  Photon Cannon  
  129  10:04  Photon Cannon  
  129  10:05  Pylon  
  135  10:07  Pylon  
  135  10:15  Adept x4  
  135  10:16  Adept  
  143  10:35  Colossus  
  133  10:41  Stalker x6  
  145  10:43  Disruptor  
  145  10:44  Disruptor  
  151  10:51  Adept x2  
  155  11:02  Pylon  
  123  11:29  Colossus (Chrono Boost)  
  123  11:31  Stalker x4  
  123  11:32  Stalker x2, Adept x2  
  121  11:39  Protoss Ground Weapons Level 3 (Chrono Boost)  
  119  11:42  Nexus  
  119  11:49  Robotics Facility  
  119  11:53  Stalker x2  
  120  11:56  Zealot  
  122  12:04  Sentry x2  
  126  12:13  Photon Cannon  
  126  12:22  Disruptor (Chrono Boost)  
  125  12:34  Stalker  
  125  12:35  Stalker x5  
  134  12:50  Disruptor (Chrono Boost), Void Ray (Chrono Boost)  
  134  12:51  Warp Prism (Chrono Boost)  
  140  13:02  Nexus  
  140  13:05  Pylon  
  140  13:07  Disruptor  
  140  13:10  Adept x2  
  144  13:21  Templar Archives  
  144  13:25  Zealot x2  
  147  13:30  Photon Cannon  
  135  13:43  Disruptor  
  92  13:57  Stalker  
  92  13:58  Stalker x5  
  100  14:20  Disruptor  
  91  14:27  Stalker x5  
  91  14:28  High Templar x2  
  91  14:30  Zealot  
  107  14:36  Archon  

Tags
 
Add a new tag
Caveats
  • Supply blocks, unpowered buildings, or Contaminate may cause inaccurate times.
  • Supply counts are checked every 10 seconds.